 Dungeon Crawl Stone Soup version 0.29.1-2-gbd0b4ee654 (webtiles) character file.

Game seed: 14462935204811805633

144 qeuew the Slasher (level 5, -7/39 HPs)
             Began as a Demonspawn Gladiator on Nov 3, 2022.
             Mangled by an ogre
             ... wielding a +0 giant spiked club
              (19 damage)
             ... on level 4 of the Dungeon.
             The game lasted 00:03:18 (3333 turns).

qeuew the Slasher (Demonspawn Gladiator)            Turns: 3333, Time: 00:03:19

Health: -7/39      AC: 14    Str: 14    XL:     5   Next: 5%
Magic:  5/5        EV:  7    Int: 10    God:
Gold:   198        SH:  0    Dex: 16    Spells: 4/4 levels left

rFire   . . .      SeeInvis .   a - +1 long sword
rCold   . . .      Faith    +   (no shield)
rNeg    . . .      Spirit   .   q - +2 chain mail {Will+}
rPois   +          Reflect  .   c - +1 helmet
rElec   .          Harm     .   (no cloak)
rCorr   .          Rampage  .   l - +0 pair of gloves
Will    +....                   (no boots)
Stlth   ..........              g - amulet of faith
HPRegen 0.13/turn               p - ring of poison resistance
MPRegen 0.09/turn               (no ring)

@: no status effects
A: claws 2, sharp scales 1
a: no special abilities


You were on level 4 of the Dungeon.
You visited 1 branch of the dungeon, and saw 4 of its levels.

You collected 198 gold pieces.

Inventory:

Hand Weapons
 a - a +1 long sword (weapon)
Missiles
 d - 2 throwing nets (quivered)
 e - a javelin
Armour
 b - a +0 leather armour
 c - a +1 helmet (worn)
 l - a +0 pair of gloves (worn)
 q - a +2 chain mail of willpower (worn)
Jewellery
 g - an amulet of faith (around neck)
 p - a ring of poison resistance (left hand)
Scrolls
 f - a scroll of enchant armour
 h - a scroll of teleportation
 j - a scroll of summoning {unknown}
 m - a scroll of fear {unknown}
 o - 3 scrolls of enchant weapon
 s - a scroll of blinking
Potions
 i - 3 potions of curing
 k - 2 potions of mutation
 n - a potion of berserk rage


   Skills:
 + Level 2.7 Fighting
 + Level 3.9 Long Blades
 + Level 1.7 Throwing
 * Level 1.9 Armour
 + Level 3.2 Dodging
 + Level 0.7 Stealth


You had 4 spell levels left.
You didn't know any spells.
Your spell library contained the following spells:

 Spells                   Type           Power      Damage    Failure   Level
 Apportation              Tloc           0%         N/A       100%        1
 Ozocubu's Armour         Ice            0%         N/A       100%        3
 Alistair's Intoxication  Tmut/Pois      0%         N/A       100%        5
 Ozocubu's Refrigeration  Ice            0%         4d7       100%        7


Dungeon Overview and Level Annotations

Branches:
Dungeon (4/15)
 Temple: D:4-7

Altars:
Trog

Annotations:
D:3 3 runed translucent doors, lambentLogic's ghost, amateur KoEn


Innate Abilities, Weirdness & Mutations

You have very sharp fingernails.
You are partially covered in razor-sharp scales. (AC +1, Slay +1)


Message History

An orc priest comes into view. It is wielding a +0 whip.
An orc priest is nearby!
An orc comes into view. It is wielding a +2 hand axe of venom.
The orc shouts!
You hear a shout! x3
The orc priest hits you with a +0 whip.
You hit the orc priest but do no damage.
The orc priest hits you but does no damage.
You hit the orc priest but do no damage.
The orc priest hits you but does no damage.
You slash the orc priest!
The orc priest is severely wounded.
The orc priest looks braver for a moment.
You barely miss the orc.
The orc priest calls down the wrath of Beogh upon you.
You resist with some effort.
You slash the orc!
You kill the orc!
You hit the orc priest.
The orc priest is almost dead.
The orc priest invokes the aid of Beogh against you.
You resist with some effort.
You hit the orc priest.
You kill the orc priest!
You have reached level 5!
Your demonic ancestry asserts itself...
Sharp scales grow over part of your body.
An ogre comes into view. It is wielding a +0 giant spiked club.
An ogre is nearby!
An ogre is nearby!
An ogre is nearby!
You barely miss the ogre.
The ogre hits you with a +0 giant spiked club!!
Ouch! That really hurt!
Throw: 3 throwing nets
Press: ? - help, Q - select action, (/) - cycle Shift-Dir - straight line, f - ogre
Aim: an ogre, wielding a +0 giant spiked club (76% to hit)
You throw a throwing net.
The throwing net barely misses the ogre.
The ogre hits you with a +0 giant spiked club!!
You die...

#.........##...##.#######.....
#......##.##...##...<#########
#......##.##########......#...
####......# ##.#...#.##
#..'......# #.#<..#.##
#.##......###########.#+#.....
#.##......##.!))....#.......##
#.##......##^..# #.........
#.##......##.@## #......###
#..........'O## ##........
############.# #......## #...
........# ###... ..######.#
#.....# .# #... #.# ..


You could see an ogre.

Vanquished Creatures
  An orc priest (D:4)
  An iguana (D:4)
  An adder (D:2)
  A worm (D:3)
  2 dart slugs
  4 orcs
  3 bats
  5 endoplasms
  7 giant cockroaches
  7 goblins
  7 hobgoblins
  4 jackals (D:3)
  2 quokkas
  6 ball pythons
  5 frilled lizards
  A kobold (D:2)
  5 rats
62 creatures vanquished.

Vanquished Creatures (others)
  4 fungi (D:3)
  A plant (D:3)
5 creatures vanquished.

Grand Total: 67 creatures vanquished

Notes
Turn   | Place    | Note
-------+----------+-------------------------------------------
     0 | D:1      | qeuew the Demonspawn Gladiator began the quest for the Orb.
     0 | D:1      | Reached XP level 1. HP: 16/16 MP: 1/1
   406 | D:1      | Gained mutation: You have sharp fingernails. [demonic
                  | ancestry]
   406 | D:1      | Reached XP level 2. HP: 21/22 MP: 2/2
   832 | D:2      | Found a bloodstained altar of Trog.
   961 | D:2      | Gained mutation: You have very sharp fingernails. [demonic
                  | ancestry]
   961 | D:2      | Reached XP level 3. HP: 27/27 MP: 3/3
  1413 | D:2      | Reached skill level 1 in Armour
  1808 | D:2      | Found a faded altar of an unknown god.
  2087 | D:3      | Found a runed translucent gate.
  2087 | D:3      | Found a runed translucent gate.
  2089 | D:3      | Noticed lambentLogic's ghost (amateur KoEn)
  2091 | D:3      | Found a runed translucent gate.
  2091 | D:3      | Noticed a kobold brigand
  2116 | D:3      | Reached XP level 4. HP: 31/34 MP: 4/4
  3328 | D:4      | Gained mutation: You are partially covered in razor-sharp
                  | scales. (AC +1, Slay +1) [demonic ancestry]
  3328 | D:4      | Reached XP level 5. HP: 34/39 MP: 5/5
  3330 | D:4      | Noticed an ogre
  3333 | D:4      | Mangled by an ogre

Illustrated notes

Levels and vault maps discovered:
D:1:      dreamdust_arrival_beginning_and_end, layout_rooms
D:2:      layout_loops_corners, basic_altar,
          shapermc_ecumenical_altar_mp_vishouse
D:3:      layout_basic, gammafunk_ghost_nasty_kobolds
D:4:      layout_basic, lemuel_round_altar

Skill      XL: |  1  2  3 |
---------------+----------+-----
Dodging        | 3 |  3.2
Long Blades    | 3 |  3.9
Armour         | 1 |  1.9
Fighting       | |  2.7
Throwing       | |  1.7
Stealth        | |  0.7

Action                   |  1- 3 |  4- 6 || total
-------------------------+-------+-------++-------
Melee: Long sword        |   138 |    49 ||   187
Throw: Throwing net      |       |     1 ||     1
  Use: Scroll            |     9 |     3 ||    12
       Potion            |     1 |     1 ||     2
 Stab: Sleeping          |     2 |       ||     2
Armor: Leather armour    |    58 |     9 ||    67
       Chain mail        |       |    14 ||    14
Dodge: Dodged            |   126 |    28 ||   154
